 Dungeon Crawl Stone Soup version 0.19.1 (webtiles) character file.

120 Fisto the Poker (level 5, -4/42 HPs)
             Began as a Human Monk on Nov 10, 2017.
             Slain by an orc
             ... wielding a +0 flail
              (6 damage)
             ... on level 2 of the Dungeon.
             The game lasted 00:18:38 (3356 turns).

Fisto the Poker (Human Monk)                        Turns: 3356, Time: 00:18:39

Health: -4/42      AC:  3    Str: 12    XL:     5   Next: 25%
Magic:  5/5        EV: 11    Int: 10    God:
Gold:   120        SH:  7    Dex: 16    Spells: 0 memorised, 4 levels left

rFire  . . .     SeeInvis .     a - +0 spear
rCold  . . .     Gourm    .     n - +0 leather armour
rNeg   . . .     Faith    .     i - +0 shield
rPois  .         Spirit   .     (no helmet)
rElec  .         Reflect  .     (no cloak)
rCorr  .         Harm     .     (no gloves)
MR     .....                    (no boots)
Stlth  ++........               (no amulet)
                                (no ring)
                                (no ring)

@: no status effects
A: no striking features
a: no special abilities


You were on level 2 of the Dungeon.
You were not hungry.

You visited 1 branch of the dungeon, and saw 3 of its levels.

You collected 120 gold pieces.

Inventory:

Hand Weapons
 a - a +0 spear (weapon)
 m - a +0 short sword
 o - a +0 hand axe
Missiles
 f - a tomahawk (quivered)
Armour
 b - a +0 robe
 i - a +0 shield (worn)
 j - a +0 chain mail
 n - a +0 leather armour (worn)
Jewellery
 p - a cursed ring of loudness {unknown}
Wands
 d - a wand of teleportation (0/9)
Scrolls
 e - 4 scrolls of remove curse
 h - a scroll of magic mapping {unknown}
 k - a scroll of enchant armour {unknown}
 q - a scroll of enchant weapon {unknown}
Comestibles
 c - 2 bread rations


   Skills:
 + Level 3.7 Fighting
 + Level 3.8 Polearms
 + Level 1.1 Armour
 + Level 3.6 Dodging
 + Level 2.5 Stealth
 + Level 1.1 Shields


You had 4 spell levels left.
You didn't know any spells.

Dungeon Overview and Level Annotations

Branches:
Dungeon (3/15)

Altars:


Message History

The orc is moderately wounded.
You block the orc's attack. x2
Attack whom?
Press: ? - help, Dir - move target cursor, f - orc
Aim: an orc, wielding a hand axe and wearing a ring mail
Okay, then.
Evoke which item? (* to show all) (? for menu, Esc to quit)
Zapping:
d - a wand of teleportation {zapped: 2} (will waste charges)
Press: ? - help, Shift-Dir - straight line, f - you You feel strangely stable.
Evoking this partially-identified wand wasted a few charges.
You block the orc's attack. x2; The orc barely misses you.
You closely miss the orc.
The orc is moderately wounded.
You block the orc's attack. x2; The orc hits you.
* * * LOW HITPOINT WARNING * * *
You closely miss the orc.
The orc is moderately wounded.
The orc barely misses you. The orc hits you with a flail.
You die...

....#
###...###........#####
..).#
#.............(#.#
.####
#.....###.####.#.# .#
#...#..##.# #.#.# .#
#####..##.# #.#.# .#
##..##.# ###.#
#############...[.<#
#.#
....#.........#oo###
#.# ....#..........o@#
#.# ....#.........####
#.# ....#.........#
######.#
....#.........#
#......#
....#.........#
#.######
....########### #.#
..### #.# ..# #.# ..#
#.#


You could see 3 orcs.

Vanquished Creatures
  Jessica (D:3)
  3 adders (D:2)
  2 worms (D:2)
  3 leopard geckos
  5 orcs
  A giant cockroach (D:2)
  5 hobgoblins
  4 jackals (D:2)
  2 quokkas (D:2)
  A ball python (D:2)
  10 bats
  2 frilled lizards (D:2)
  6 goblins
  4 kobolds
  5 rats
54 creatures vanquished.

Notes
Turn   | Place    | Note
-------+----------+-------------------------------------------
     0 | D:1      | Fisto the Human Monk began the quest for the Orb.
     0 | D:1      | Reached XP level 1. HP: 18/18 MP: 1/1
   270 | D:1      | Reached XP level 2. HP: 22/24 MP: 2/2
   754 | D:2      | Reached XP level 3. HP: 29/29 MP: 3/3
  1079 | D:2      | Reached XP level 4. HP: 28/35 MP: 4/4
  2445 | D:2      | Reached skill level 1 in Armour
  2826 | D:3      | Noticed Jessica
  2840 | D:3      | Killed Jessica
  2840 | D:3      | Reached XP level 5. HP: 29/41 MP: 5/5
  3160 | D:2      | Reached skill level 1 in Shields
  3355 | D:2      | HP: 1/42 [orc (2)]
  3356 | D:2      | Slain by an orc

Skill      XL: |  1  2  3  4  5 |
---------------+----------------+-----
Armour         | 1 |  1.1
Shields        | 1 |  1.1
Fighting       | |  3.7
Polearms       | |  3.8
Dodging        | |  3.6
Stealth        | |  2.5

Action                   |  1- 3 |  4- 6 || total
-------------------------+-------+-------++-------
Melee: Spear             |   126 |   189 ||   315
Throw: Tomahawk          |       |     1 ||     1
Evoke: Wand              |       |     2 ||     2
  Use: Potion            |       |     4 ||     4
       Scroll            |       |     3 ||     3
 Stab: Sleeping          |     2 |       ||     2
       Distracted        |       |     2 ||     2
  Eat: Chunk             |     1 |     3 ||     4
       Bread ration      |       |     1 ||     1
Armor: Robe              |     4 |       ||     4
       Chain mail        |    55 |       ||    55
       Leather armour    |       |    48 ||    48
Dodge: Dodged            |    27 |    97 ||   124
Block: Shield            |    28 |    78 ||   106
